[Event "34th MPL National U14-ch 2022"]
[Site "Ahmedabad"]
[Date "2022.05.11"]
[Round "6.4"]
[White "Koustuv Dash"]
[Black "Anubhav Rawat"]
[Result "1/2-1/2"]
[ECO "D37"]
[WhiteElo "1910"]
[BlackElo "1329"]
[Annotator "TA"]
[PlyCount "144"]
[EventDate "2022.05.09"]
[EventType "swiss"]
[EventCountry "IND"]
[SourceTitle "playchess.com"]
[Source "ChessBase"]
[SourceQuality "1"]
[TimeControl "5400+30"]

1. d4 d5 2. c4 e6 3. Nc3 Nf6 4. Nf3 Be7 5. Bf4 O-O 6. e3 b6 7. Bd3 Bb7 8. cxd5 exd5 9. Ne5 c5 10. O-O Nbd7 {[%emt 0:18:35] was the old line (10...Nc6).} 11. Qf3 a6 (11... Qc8 $14) 12. Qh3 {[%emt 0:01:08] Strongly threatening Nxd7. D37: Queen's Gambit Declined: 5 Bf4.} g6 13. Rad1 {[%emt 0:05:30] [#] 0x0.000a7acd1cc0dp-1022s more active pieces. The black rooks are badly placed.} (13. Bh6 $1 $16) 13... Nxe5 $146 (13... Re8 $1 $14) ({Predecessor:} 13... cxd4 14. exd4 Re8 15. Rfe1 b5 16. Bg5 Nxe5 17. dxe5 Nd7 18. e6 Bxg5 19. exf7+ Kxf7 20. Qxh7+ {1-0 (32) Baladjaev,G (2366)-Ponomarenko,V (2183) Tula 2018}) 14. dxe5 $16 {[%emt 0:01:50] White is clearly better.} ({Don't play} 14. Bxe5 $6 Nd7 $14) 14... Nh5 15. Bh6 Ng7 {[%emt 0:04:20] [#]} 16. Bb1 ({Better is} 16. Be4 $1 $18 ) 16... f6 $2 (16... Qc7 $16 {was necessary.}) 17. Nxd5 $2 Bxd5 $11 18. Bxg7 (18. g4 $5 ) 18... Kxg7 19. e4 {[%emt 0:00:09] Prevents f5.} Qc8 20. Qxc8 Raxc8 21. Rxd5 fxe5 22. b3 Bf6 23. Rd6 Rb8 24. Rd7+ (24. Bd3 $5 ) 24... Rf7 25. Rfd1 Rxd7 26. Rxd7+ {[%emt 0:00:02][%mdl 4096] Endgame KRB-KRB} Kg8 27. Bd3 Rd8 28. Bc4+ Kh8 29. Rxd8+ Bxd8 30. Bxa6 $16 {[%emt 0:00:01] KB-KB} Kg7 31. Kf1 Kf6 32. Ke2 Ke6 33. Bc4+ Kf6 34. Bg8 Kg7 35. Bd5 b5 36. a4 Kf6 37. Bc6 (37. axb5 $142 Ke7 38. Kd3) 37... bxa4 38. bxa4 Ke7 39. Kd3 Kd6 40. Bd5 Kc7 (40... Ba5 $16 41. Kc4 g5) 41. Kc4 $18 Kb6 42. a5+ Kxa5 43. Kxc5 {[%emt 0:00:02][%cal Of2f4] Hoping for f4!} Be7+ $2 {[%emt 0:00:58] [#]} (43... Bb6+ $16 {might work better.} 44. Kd6 Bxf2) 44. Kc6 $1 {[%emt 0:00:48][%cal Of2f4] Threatens to win with f4!} g5 45. Kd7 Bc5 {[%emt 0:00:31] [#]} 46. Ke6 (46. f3 $1 $18) 46... Bxf2 $16 47. Kxe5 Kb6 48. g4 (48. Kf5 $142) 48... Kc7 49. Kf6 h6 50. e5 {[%emt 0:10:13][%cal Be4e5,Be5e6][%mdl 32] And now e6 would win.} Bd4 51. Kf5 Kd7 52. e6+ Ke7 53. Kg6 Be3 54. Kxh6 Kf6 $1 55. Kh5 Bf4 56. h3 Be3 57. Bb3 Bf4 58. Kh6 Be3 59. Kh7 Bf4 60. Kg8 Bd6 61. Kh7 Bf4 $1 62. Kh6 Be3 $1 63. Kh5 Bf4 $1 64. h4 gxh4 65. Kxh4 Bg5+ 66. Kg3 Ke5 $1 67. Kf3 Kd4 68. Ke2 Kc3 69. Ba2 Kd4 70. Bb1 Kc3 71. Bf5 Kd4 72. Kd1 Kc3 {[%emt 0:00:13] Blacks defense is rewarded with a draw.  Weighted Error Value: White=0.21 (precise) /Black=0.20 (precise)} 1/2-1/2

[Event "34th MPL National U14-ch 2022"]
[Site "Ahmedabad"]
[Date "2022.05.11"]
[Round "6.5"]
[White "Jaidambareesh N R"]
[Black "Vaz, Ethan"]
[Result "0-1"]
[ECO "C00"]
[WhiteElo "1521"]
[BlackElo "1792"]
[Annotator "NA RC COMBH"]
[PlyCount "110"]
[EventDate "2022.05.09"]
[EventType "swiss"]
[EventCountry "IND"]
[SourceTitle "playchess.com"]
[Source "ChessBase"]
[SourceQuality "1"]
[TimeControl "5400+30"]

1. Nf3 d5 2. g3 Nf6 3. Bg2 e6 4. O-O c5 5. d3 Nc6 6. Nbd2 Be7 7. e4 O-O 8. Re1 Re8 9. c3 b6 10. e5 Nd7 11. d4 Bb7 12. h4 Rc8 13. a3 a5 14. Nf1 b5 15. N1h2 b4 16. h5 bxc3 17. bxc3 h6 18. Ng4 Bf8 19. Bf1 c4 20. Bf4 Rb8 21. Nfh2 Ba6 22. a4 Qb6 23. Qd2 Qb2 24. Qe3 Qc2 25. Be2 Rb2 26. Bd1 Qd3 27. Qc1 Reb8 28. Ne3 Rb1 29. Bc2 Rxc1 30. Rexc1 Qxc3 31. Bh7+ Kxh7 32. Rxc3 Nxd4 33. Kg2 Bb4 34. Rcc1 Nb3 35. Nf3 d4 36. Nxd4 Nxd4 37. Rd1 Nb3 38. Ra2 Ndc5 39. Rc2 c3 40. Rd6 Bb7+ 41. Kh3 Be4 42. Ra2 Nc1 43. Ra1 N5b3 44. Rxc1 Nxc1 45. Rd7 Rb7 46. Rd4 Bc6 47. Rc4 Bd5 48. Rc8 Ne2 49. Bxh6 gxh6 50. f4 Be4 51. Kh4 Be7+ 52. Kh3 Rb1 53. Rc7 Bf3 54. Ng4 Rh1+ 55. Nh2 Ng1# 0-1

[Event "34th MPL National U14-ch 2022"]
[Site "Ahmedabad"]
[Date "2022.05.11"]
[Round "6.6"]
[White "Md Imran"]
[Black "Pranav K P"]
[Result "1-0"]
[ECO "E06"]
[WhiteElo "2122"]
[BlackElo "1548"]
[Annotator "TA"]
[PlyCount "93"]
[EventDate "2022.05.09"]
[EventType "swiss"]
[EventCountry "IND"]
[SourceTitle "playchess.com"]
[Source "ChessBase"]
[SourceQuality "1"]
[TimeControl "5400+30"]

1. d4 Nf6 2. Nf3 e6 3. g3 c5 4. Bg2 Be7 5. O-O O-O 6. c4 d5 7. cxd5 Nxd5 8. e4 Nf6 9. Nc3 cxd4 10. Nxd4 Nbd7 {[%emt 0:04:12] E06: Closed Catalan: Early deviations.} (10... e5 $14 11. Nf5 Bxf5 12. exf5 Nc6) 11. Qe2 $16 Bc5 12. Rd1 Bxd4 {[%emt 0:02:22] White is better.} 13. Rxd4 e5 {[%emt 0:00:29] Inhibits Bf4.} 14. Rd1 {[%emt 0:01:39] White is much more active. The black rooks are badly placed.} Qe7 15. Bg5 {[%emt 0:02:44] [#] Strongly threatening Nd5.} Nb6 16. a4 {[%emt 0:05:33] And now a5 would win.} Be6 {[%emt 0:04:25] [#]} 17. Nd5 $146 ({Predecessor:} 17. a5 Nbd7 18. Qb5 h6 19. Be3 Ng4 20. Nd5 Bxd5 21. Rxd5 Ngf6 22. Bc5 Nxc5 23. Rxc5 {0-1 (42) Pijuan Herranz,M (2222)-Pinyol Clapera,D Barcelona 2018}) 17... Bxd5 18. exd5 {[%emt 0:00:05] Threatens to win with d6.} Qd6 (18... Nc8 $14) 19. a5 (19. Bxf6 $18 Qxf6 20. d6) 19... Nbd7 20. Qb5 $36 {[%emt 0:00:35][%mdl 2048] White has strong initiative.} Qa6 $2 {[%emt 0:07:45] Loses the game.} (20... Rab8 $16 21. Rac1 a6) 21. Qxa6 $18 bxa6 22. Rac1 Rab8 23. Rc7 Rxb2 24. d6 (24. Rxa7 h6 $18) 24... e4 25. Bxf6 Nxf6 26. d7 Rbb8 27. Bh3 {[%emt 0:00:28][%cal Oc7b7] Hoping for Rb7!} g5 $2 (27... h5 28. Rxa7 Rfd8 29. Rxa6 Kf8) 28. Bf5 ({Less strong is} 28. Rxa7 Rfd8 29. Rxa6 g4 30. Rxf6 gxh3 $18) 28... Kg7 29. g4 ({Weaker is} 29. Rxa7 Rb5 30. d8=Q Rxd8 31. Rxd8 Rxf5 32. Rxa6 Ng4 $18) 29... Kg8 30. Rxa7 Kg7 31. Rxa6 h5 32. gxh5 Nxh5 33. Bxe4 Nf4 34. Rb6 {[%emt 0:00:15] [#] aiming for Rxb8.} Rxb6 35. axb6 {[%emt 0:00:01][%mdl 4096] Endgame KRB-KRN} Ne6 36. Bd5 (36. Rc1 $142 Rb8 37. b7) 36... Nc5 37. Bf3 Ne6 38. Rc1 {[%emt 0:00:08] White mates.} Rb8 39. b7 Nd4 40. Kg2 Nxf3 41. Kxf3 Rxb7 42. d8=Q Rb3+ 43. Kg2 Rb4 44. Qxg5+ Kh7 45. Rc3 Rb6 46. Rh3+ Rh6 47. Rxh6# {[%emt 0:00:30] Weighted Error Value: White=0.10 (very precise) /Black=0.61} 1-0

[Event "34th MPL National U14-ch 2022"]
[Site "Ahmedabad"]
[Date "2022.05.11"]
[Round "6.7"]
[White "Daakshin Arun"]
[Black "Aswath S"]
[Result "0-1"]
[ECO "D45"]
[WhiteElo "2016"]
[BlackElo "1694"]
[Annotator "TA"]
[PlyCount "90"]
[EventDate "2022.05.09"]
[EventType "swiss"]
[EventCountry "IND"]
[SourceTitle "playchess.com"]
[Source "ChessBase"]
[SourceQuality "1"]
[TimeControl "5400+30"]

1. d4 d5 2. c4 e6 3. Nf3 c6 4. e3 Nf6 5. Nc3 Nbd7 6. Be2 Bd6 7. O-O O-O 8. b3 b6 {[%emt 0:04:04] D45: Semi-Slav: 5 e3.} 9. Bb2 Bb7 10. Bd3 Rc8 {[%emt 0:06:49] The position is equal.} 11. Rc1 Re8 12. Re1 e5 13. dxe5 Nxe5 14. Bf5 Rc7 15. cxd5 {[%emt 0:00:35] [#]} cxd5 $146 ({Predecessor:} 15... Nxd5 16. Nxd5 cxd5 17. Nxe5 Bxe5 18. Bxe5 Rxe5 19. Rxc7 Qxc7 20. Bg4 Qc3 21. Bf3 Ba6 {0-1 (84) Omelja,A (2515)-Hamley,R (2077) Chess.com INT 2022}) 16. Nd4 a6 {[%emt 0:01:37] Against Ndb5} 17. Qe2 Ng6 18. Red1 b5 19. Nb1 Qb8 20. g3 Ne4 21. Bh3 Bc8 22. Bg2 Ne5 23. Rxc7 Bxc7 24. Rc1 (24. Nc3 $16) 24... Bb6 $11 25. h3 Bd7 26. Kh2 (26. Nc3 $11 Qb7 27. Qc2) 26... Qd6 $1 $17 {[%emt 0:08:04] White must now prevent ...Qh6.} 27. f4 {[%emt 0:06:33] [#]} Ng6 {[%emt 0:01:41] Black is more active.} (27... Nxg3 $1 $17 28. Qf2 (28. Kxg3 Qg6+ 29. Kh2 Nd3 $17) (28. fxe5 $2 Nxe2 29. exd6 Nxc1 $19) 28... Nd3 29. Qxg3 Nxb2) 28. Qe1 $11 b4 29. Rd1 Qe7 30. Nc2 a5 31. Rxd5 Rc8 $1 32. Nd4 {[%emt 0:02:29] [#] This costs White the game.} (32. Na1 $1 $15 Bc6 33. Rd1) 32... Nf6 $1 $19 33. Nf5 $2 (33. Rxd7 {was necessary.} Qxd7 34. a4) 33... Bxf5 34. Rxf5 Rc2 35. Be5 (35. Rb5 Rxb2 36. Rxb6) 35... Qd7 36. e4 Qd3 37. Bxf6 Bf2 38. Qf1 Qxg3+ 39. Kh1 gxf6 40. Qd1 {[%emt 0:01:16] [#]} Bd4 $1 41. Nd2 {[%emt 0:04:23] [#]} Qf2 $1 {[%emt 0:00:39][%cal Og6h4] ( -> ...Nh4!)} 42. Rd5 Rxd2 43. Qf1 Qxf1+ 44. Bxf1 Nxf4 45. Rxa5 Rd1 {[%emt 0:00:13][%csl LRf1,LRh3] Weighted Error Value: White=0.78/Black=0.07 (flawless)} 0-1

[Event "34th MPL National U14-ch 2022"]
[Site "Ahmedabad"]
[Date "2022.05.11"]
[Round "6.8"]
[White "Medhvansh Madeti"]
[Black "Mayank Chakraborty"]
[Result "0-1"]
[ECO "B23"]
[WhiteElo "1302"]
[BlackElo "2015"]
[Annotator "TA"]
[PlyCount "88"]
[EventDate "2022.05.09"]
[EventType "swiss"]
[EventCountry "IND"]
[SourceTitle "playchess.com"]
[Source "ChessBase"]
[SourceQuality "1"]
[TimeControl "5400+30"]

1. e4 c5 2. Nc3 d6 3. f4 g6 4. Nf3 Bg7 5. Bc4 Nc6 6. O-O Nf6 7. d3 O-O 8. Qe1 Nd4 9. Qh4 {[%emt 0:00:27][%cal Of4f5] B23: Closed Sicilian: Lines without g3.} Nxc2 10. Rb1 e6 11. f5 $1 {[%emt 0:01:34] The position is equal.} d5 (11... exf5 $5 12. Bg5 Be6 $11) 12. Bb3 {[%emt 0:02:11] [#]} (12. e5 {is more complex.} dxc4 13. Bg5 exf5 14. dxc4 h6 15. Bxf6 g5 16. Bxd8 gxh4 17. Be7) 12... Nd4 $146 ({Predecessor:} 12... dxe4 13. dxe4 Nd4 14. fxg6 fxg6 15. Bg5 Nxb3 16. axb3 Qc7 17. Nd2 Nd7 18. Be7 Rxf1+ 19. Rxf1 {1-0 (27) Kranenburg,L-Van Oosterom,C (2383) Delft 2012}) 13. Bg5 {[%emt 0:01:03] [#] Threatens to win with Nxd4.} dxe4 (13... gxf5 $2 14. e5 h6 15. Bxf6 Bxf6 16. exf6 $18) 14. Nxe4 (14. dxe4 $11 {and White has nothing to worry.} h6 15. Bxh6 exf5 16. Ng5) 14... Nxf5 $19 15. Bxf6 (15. Qf4 {might work better.}) 15... Nxh4 16. Bxd8 Nxf3+ 17. Rxf3 Rxd8 18. Ng5 Rf8 19. Rbf1 Bxb2 (19... b5 $142 {...a5 is the strong threat.} 20. Rxf7 Rxf7 21. Nxf7 a5) 20. Nxf7 Bd7 (20... Bd4+ $19 21. Kh1 Kg7) 21. Nh6+ $17 Kg7 22. Rf7+ Kxh6 (22... Rxf7 $17 23. Rxf7+ Kxh6 24. Rxd7 Bd4+ 25. Kh1 b5) 23. Rxf8 $11 Bd4+ 24. Kh1 Rxf8 25. Rxf8 {[%emt 0:00:17][%mdl 4096] Endgame KRB-KB} e5 26. Rf7 Bb5 {[%emt 0:01:54] This bishop pair is nice.} 27. Bc4 Bc6 28. h4 e4 (28... g5 $1 $15 {stays ahead.}) 29. dxe4 $16 Bxe4 {[%emt 0:00:10] [#]} 30. Re7 (30. Kh2 $1 $16) 30... Bc6 $11 31. Bg8 Kh5 32. Bxh7 (32. Rxh7+ $11 Kg4 33. Kh2) 32... c4 (32... Kxh4 $5 33. Kh2 (33. Bxg6 $2 Kg3 $19) 33... Kg5 $17) 33. Re6 $1 Kxh4 {[%emt 0:00:28] Hoping for ...Kg3.} (33... c3 $5 ) 34. Bxg6 $2 (34. Rxg6 $11 c3 35. Rg8) 34... Kg3 $19 35. Re2 c3 {[%emt 0:00:23] aiming for ...b5.} 36. Rc2 b5 {[%emt 0:00:13][%cal Bb7b5,Bb5b4,Bb4b3][%mdl 32] ( -> ...b4)} 37. Bd3 b4 {[%emt 0:00:23] Black mates.} 38. Bf1 Be4 39. Rc1 c2 40. a3 b3 41. a4 Be3 42. a5 Bxc1 43. a6 Be3 44. Bd3 Bxg2# {[%emt 0:00:05] Weighted Error Value: White=0.84/Black=0.19 (very precise)} 0-1

[Event "34th MPL National U14-ch 2022"]
[Site "Ahmedabad"]
[Date "2022.05.11"]
[Round "6.9"]
[White "Ankit Ray"]
[Black "Kavin Oviyan R"]
[Result "1/2-1/2"]
[ECO "E05"]
[WhiteElo "1932"]
[BlackElo "1299"]
[Annotator "TA"]
[PlyCount "70"]
[EventDate "2022.05.09"]
[EventType "swiss"]
[EventCountry "IND"]
[SourceTitle "playchess.com"]
[Source "ChessBase"]
[SourceQuality "1"]
[TimeControl "5400+30"]

1. d4 {[%emt 0:00:20] CB} e6 2. Nf3 Nf6 3. g3 d5 4. Bg2 Be7 5. O-O O-O 6. c4 dxc4 7. Qc2 a6 8. a4 Bd7 9. Qxc4 Bc6 10. Bg5 Bd5 11. Qc1 {[%emt 1:25:36] E05: Open Catalan: 5 Nf3 Be7.} Nc6 12. e3 h6 13. Bxf6 Bxf6 {[%emt 0:00:04] [#]} 14. Nc3 $146 ({Predecessor:} 14. Nbd2 Nb4 15. a5 b6 16. Qc3 Be7 17. e4 Bb7 18. Ne5 c5 19. dxc5 bxc5 20. Nb3 {½-½ (50) Lagno,K (2548)-Batchimeg,T (2298) Geneve 2013 CBM 154 Extra [CB]}) 14... Bc4 15. Rd1 (15. Re1 $5 ) 15... Bb3 16. Re1 {[%emt 0:00:00] Hoping for Ne4.} Nb4 17. Re2 c5 18. Ne4 cxd4 {[%emt 0:00:41] [#] And now ...Rc8 would win.} 19. Nxf6+ Qxf6 20. Nxd4 Bd5 21. Qc7 Bxg2 (21... Rac8 $5 22. Qb6 Bxg2 23. Kxg2 Qe7 $11) 22. Kxg2 e5 23. Nb3 ({Not} 23. Qxb7 $2 Rfb8 24. Qf3 exd4 $19) (23. Qc4 $11) 23... Qe6 $15 24. Nd2 Nd5 25. Qc4 ({Wrong is} 25. Qxb7 $2 Rfb8 26. Qxa8 Rxa8 $19) 25... Rac8 26. Qb3 Qc6 {[%emt 0:00:48] [#] ( -> ...Nf4+)} 27. e4 Nf6 28. Rae1 Rfd8 29. Nf3 Qc7 30. Re3 Qd6 31. h3 b5 32. axb5 Rb8 33. Qa3 {[%emt 0:00:00] The position is equal.} Rxb5 34. Qa2 Rdb8 35. R1e2 Qb6 {[%emt 0:00:48] Weighted Error Value: White=0.09 (flawless) /Black=0.08 (flawless)} 1/2-1/2

[Event "34th MPL National U14-ch 2022"]
[Site "Ahmedabad"]
[Date "2022.05.11"]
[Round "6.10"]
[White "Sparsh Bisht"]
[Black "Ilamparthi A R"]
[Result "1/2-1/2"]
[ECO "B82"]
[WhiteElo "1515"]
[BlackElo "2121"]
[Annotator "TA"]
[PlyCount "71"]
[EventDate "2022.05.09"]
[EventType "swiss"]
[EventCountry "IND"]
[SourceTitle "playchess.com"]
[Source "ChessBase"]
[SourceQuality "1"]
[TimeControl "5400+30"]

1. e4 c5 2. Nf3 d6 3. d4 cxd4 4. Nxd4 Nf6 5. Nc3 a6 6. f4 e6 7. Bd3 Be7 8. O-O O-O 9. Nf3 Nc6 10. Qe1 Qc7 11. Kh1 b5 12. a3 Bb7 {[%emt 0:01:25] [#]} 13. f5 $146 {[%emt 0:00:18] B82: Sicilian Scheveningen: 6 f4.} ({Predecessor:} 13. e5 Nd7 14. exd6 Qxd6 15. Be3 Nf6 16. Ne4 Nxe4 17. Bxe4 Qc7 18. f5 exf5 19. Bxf5 Rae8 20. Qf2 Bc8 {½-½ (31) Alarcia Astiz,C (2306)-Vazquez Igarza,R (2556) Madrid 2021}) 13... b4 14. axb4 Nxb4 15. Qg3 {[%emt 0:03:47] The position is equal.} Kh8 16. Be3 Nxd3 17. cxd3 exf5 18. exf5 Rfb8 19. Bd4 Ne8 20. Ng5 Bxg5 21. Qxg5 {[%emt 0:01:14] Hoping for f6.} f6 22. Qg3 Bc6 23. Ne2 Rb5 (23... Qf7 $1 $11) 24. Bc3 $36 {[%emt 0:02:05][%mdl 2048] White has the initiative.} Qd7 25. Nd4 (25. Qh3 $1 $14) 25... Rd5 (25... Rb7 $11) 26. Rae1 (26. Rf4 $16) 26... Re5 (26... Bb5 $14) 27. Ne6 (27. Nxc6 $16 Rxe1 28. Rxe1 Qxc6 29. Re7) 27... Rxe1 28. Rxe1 ({Of course not} 28. Bxe1 Nc7 $11) 28... Rb8 29. h3 a5 (29... Rc8 $14 {might be stronger.}) 30. Kh2 a4 31. Qg4 ({White should play} 31. Qh4 $16 {[%cal Oe6g7] aiming for Nxg7!} Kg8 32. Re3) 31... Rc8 32. Nf8 {0x0.000a7ad551eedp-1022s more active pieces.} (32. Nf4 $16) 32... Qb7 (32... Qf7 $11 33. Ne6 Qd7) 33. Ne6 (33. Re2 $14) 33... Bb5 {[%emt 0:00:30] [#]} (33... Qd7 $11 {keeps the balance.}) 34. Qd4 (34. Qh5 $142 $1) 34... Bc6 35. Qg4 (35. Qh4 $14 Qf7 36. Re2) 35... Bb5 $16 {[%emt 0:00:30] [#]} 36. Qd4 {Weighted Error Value: White=0.32/Black=0.36} (36. Qh5 $1 $16) 1/2-1/2

[Event "34th MPL National U14-ch 2022"]
[Site "Ahmedabad"]
[Date "2022.05.12"]
[Round "7.1"]
[White "John Veny Akkarakaran"]
[Black "Kadam Om Manish"]
[Result "0-1"]
[ECO "B92"]
[WhiteElo "1855"]
[BlackElo "2144"]
[Annotator "TA"]
[PlyCount "175"]
[EventDate "2022.05.09"]
[EventType "swiss"]
[EventCountry "IND"]
[SourceTitle "playchess.com"]
[Source "ChessBase"]
[SourceQuality "1"]
[TimeControl "5400+30"]

1. e4 c5 2. Nf3 d6 3. d4 cxd4 4. Nxd4 Nf6 5. Nc3 a6 6. Be2 e5 7. Nb3 Be7 8. O-O O-O 9. Kh1 b6 10. Be3 Bb7 11. f3 Nbd7 {[%emt 0:00:12] B92: Sicilian Najdorf: 6 Be2.} (11... b5 $11) 12. a4 $14 Rc8 13. Qd2 {[%emt 0:09:17] has lost popularity (13.Rf2).} Qc7 {[%emt 0:00:47][%cal Od6d5] White is slightly better.} 14. Rac1 Rfd8 15. Rfd1 Ra8 16. Qe1 Bc6 {[%emt 0:03:51] [#]} 17. Qf1 $146 ({Predecessor:} 17. Rd2 Rdb8 18. Qf1 Qc8 19. Ra1 Bf8 20. Nc1 Qb7 21. Bc4 Nc5 22. b3 b5 23. axb5 axb5 24. Rxa8 Qxa8 25. Nxb5 Bxb5 26. Bxb5 {0-1 (42) Kudrin,S (2485)-Fedorowicz,J (2520) Estes Park 1985}) 17... Qb7 18. Bc4 Rdc8 19. Ra1 Rc7 20. Qe2 Rcc8 21. Bg5 Kf8 22. Bxf6 Nxf6 23. Nd5 (23. Nd2) (23. Nd2 $14) 23... Bxd5 $11 24. Bxd5 Nxd5 25. Rxd5 Rc7 26. c3 Rac8 27. Qd3 Rc4 28. Nd2 R4c5 29. Rxc5 dxc5 30. Nc4 Rd8 31. Qe2 f6 32. Ne3 b5 33. axb5 axb5 34. g3 c4 35. Nd5 Bc5 36. Kg2 f5 37. Rd1 Qf7 (37... Rd7) (37... Qc6 $11 {remains equal.}) 38. b3 $16 cxb3 39. Qxb5 Rc8 40. Rf1 Kg8 41. Qxb3 Kh8 42. Qb5 h5 43. Qd3 f4 (43... Rd8 44. Rd1 g6) 44. Qc4 (44. gxf4 exf4 45. e5) 44... Qe6 45. Qb5 (45. Ra1) 45... Qd6 46. Qb7 Rb8 (46... Rf8) 47. Qf7 Qh6 48. gxf4 Rf8 49. Qc7 Bd6 50. Qc6 exf4 {[%emt 0:01:09] [#]} 51. Ra1 (51. c4) (51. c4 $1 $18 ) 51... Kh7 52. Ra8 (52. Qd7) (52. Qd7 $16) 52... Qg6+ (52... Qg5+ 53. Kh1 Rxa8 54. Qxa8 Qh4) 53. Kf1 {[%emt 0:01:05] aiming for Rxf8.} (53. Kh1 Rxa8 54. Qxa8) 53... Rxa8 54. Qxa8 $11 {[%emt 0:00:01][%mdl 4096] Endgame KQB-KQN} Bc5 55. Nb4 $2 (55. Qc8 Qg1+ 56. Ke2) (55. Qc8 $11 Qg1+ 56. Ke2) 55... Qg1+ $19 56. Ke2 Qe3+ 57. Kd1 Qxc3 (57... Qxf3+ 58. Kc2 Qe2+ 59. Kb3 f3) (57... Qxf3+ $142 58. Kc2 Qe2+ 59. Kb3 f3) 58. Nc2 Qxf3+ 59. Kc1 Qg4 {[%emt 0:05:37] And now ...f3 would win.} 60. Qd5 Bb6 {[%emt 0:01:11] Hoping for ...f3.} 61. Qb5 (61. Kd2) 61... Qg6 (61... Bg1 62. e5) (61... Qg1+ 62. Kb2 Bd4+ 63. Nxd4 Qxd4+ 64. Kb3 Qe3+ 65. Kb2 Qh3) ({Don't blunder} 61... Bg1 $2 62. Kd2 $19) (61... Qg1+ $142 62. Kb2 Bd4+ 63. Nxd4 Qxd4+ 64. Kb3 Qd1+ 65. Kb2 Qd2+ 66. Kb3 Qe3+ 67. Kb2 Qf2+ 68. Kc3 Qf3+ 69. Kb2 Qf2+ 70. Kb3 Qf3+ 71. Kb2 Qh3) 62. Qe2 (62. e5 $142) 62... Bc5 {[%emt 0:01:31] White must now prevent ...Qg4.} 63. Qf3 Qg1+ 64. Kb2 Qg5 65. Ne1 Bd4+ (65... Be3 66. Qe2 Qe5+ 67. Kb3 Qb8+ 68. Ka4 Qa7+ 69. Kb3 Qb6+ 70. Ka4 Qd4+ 71. Kb3 Kh6) (65... Be3 $142 {Strongly threatening ...Bd2.} 66. Nc2 Qb5+ 67. Kc3 Qc6+ 68. Kb3 Qb5+ 69. Kc3 Qe5+ 70. Kd3 Qd6+ 71. Kc4 Qe6+ 72. Kc3 Qc8+ 73. Kb3 Qb8+ 74. Kc3 Qe5+ 75. Kd3 Qd6+ 76. Kc4 Qe6+ 77. Kc3 Qf6+ 78. Kb3 Qb6+ 79. Kc4 Qc5+ 80. Kb3 Qb6+ 81. Kc4 Qe6+) 66. Kc2 Be3 ({Better is} 66... Kh6 $19 {...Qf6 is the strong threat.} 67. Nd3 g6 68. Nxf4 (68. Qxf4 Qxf4 69. Nxf4 Ba1 $11) 68... Qf6) 67. Nd3 $2 {[%emt 0:02:06][%mdl 8192] This move loses the game for White.} (67. Ng2) (67. Ng2 $17) 67... Qb5 68. Nxf4 Qc4+ 69. Kd1 (69. Kb2 $142 Qb4+ 70. Ka2 Qd2+ 71. Kb3 Bxf4 72. Qxh5+ Bh6 73. Qe5) 69... Qc1+ 70. Ke2 Bxf4 71. Qxh5+ Bh6 72. Qf5+ g6 73. Qd7+ Bg7 {[%emt 0:00:01] ( -> ...Qc2+)} 74. Qh3+ {[%emt 0:00:03] [#]} Qh6 $1 {[%emt 0:00:01] Black mates.} 75. Qg3 Qh5+ 76. Kd3 Be5 77. Qf2 Qxh2 78. Qf7+ Bg7 79. Qf3 Qd6+ 80. Kc4 Qd4+ 81. Kb5 Bf6 82. Kc6 Qc3+ 83. Qxc3 Bxc3 84. Kd5 Kh6 85. e5 Kh5 86. e6 Bb4 87. Ke4 Kg4 88. Kd4 {[%emt 0:06:50] Weighted Error Value: White=0.30/Black=0.24 (precise)} 0-1

[Event "34th MPL National U14-ch 2022"]
[Site "Ahmedabad"]
[Date "2022.05.12"]
[Round "7.2"]
[White "Vaz, Ethan"]
[Black "Md Imran"]
[Result "1/2-1/2"]
[ECO "B14"]
[WhiteElo "1792"]
[BlackElo "2122"]
[Annotator "TA"]
[PlyCount "110"]
[EventDate "2022.05.09"]
[EventType "swiss"]
[EventCountry "IND"]
[SourceTitle "playchess.com"]
[Source "ChessBase"]
[SourceQuality "1"]
[TimeControl "5400+30"]

1. e4 c5 2. c3 e6 3. d4 cxd4 4. cxd4 d5 5. exd5 exd5 6. Nc3 Nc6 7. Nf3 Nf6 8. Be2 h6 {[%emt 0:01:00] B14: Caro-Kann: Panov-Botvinnik Attack with 5...e6 and 5...g6.} 9. Bf4 Bd6 10. Bxd6 Qxd6 {[%emt 0:00:06] [#]} 11. h3 $146 ({Predecessor:} 11. O-O Be6 12. Nb5 Qd8 13. Qb3 O-O 14. Rfd1 Qb6 15. Nc3 Qxb3 16. axb3 a6 17. Na4 {½-½ (39) Auburger,P (1805)-Feller,S (1655) Bayern 2002}) 11... O-O 12. O-O $1 Ne4 13. Rc1 Nxc3 14. Rxc3 Bf5 15. Bb5 Ne7 16. Re1 Be4 17. Nd2 Bg6 18. Nb3 Rac8 19. Qe2 Rxc3 20. bxc3 Nc6 21. Bd3 b6 22. Bxg6 Qxg6 23. a4 Qd6 24. Qb5 Kh7 25. a5 Rb8 26. axb6 Rxb6 27. Qd3+ g6 28. Qf3 Kg7 29. Nc5 Ne7 30. g3 h5 31. Kg2 Rb2 32. Re2 (32. g4 $14) 32... Rb1 33. Qe3 $1 {[%emt 0:01:19] Active counter play!} Nf5 34. Qe5+ (34. Qe8 $5 Rb8 35. Qa4 $14) 34... Qxe5 $1 {[%emt 0:00:00] The position is equal.} 35. Rxe5 $11 {[%emt 0:00:17][%cal Be2e5,Be5d5,Bd5d7,Bd7a7][%mdl 4128] Endgame KRN-KRN} Rc1 36. Rxd5 {[%emt 0:00:36] Black must now prevent Ne4.} Rxc3 37. Rd7 a5 38. Ra7 Ra3 39. d5 Ra2 $1 40. Kg1 Rd2 41. Rxa5 Rd1+ 42. Kg2 Rxd5 43. h4 Re5 44. Nb3 Re2 45. Nc1 Rd2 46. Ra2 Rd1 47. Ne2 Rd3 48. Ra7 Rd2 49. Nf4 Ne3+ 50. Kf3 Ng4 51. Nh3 Kf8 52. Ra8+ Ke7 53. Ra7+ Kf6 54. Ra6+ Kf5 55. Ra5+ Ne5+ {[%emt 0:00:00] Weighted Error Value: White=0.04 (flawless) /Black=0.04 (flawless)} 1/2-1/2